[Event "*** SCC Grand Prix: Titled Tuesday Blitz"]
[Site "Chess.com"]
[Date "2020.08.04"]
[Round "2"]
[White "ChadBiryani"]
[Black "keepitcool9499"]
[Result "0-1"]
[WhiteElo "2340"]
[BlackElo "2629"]
[TimeControl "180+1"]
[EndTime "14:03:23 PDT"]
[Termination "keepitcool9499 won by resignation"]

1. d4 e6 2. Bf4 d5 3. e3 Nf6 4.
Nc3 Be7 5. Nf3 O-O 6. h3 c5 7.
Be2 Nc6 8. O-O a6 9. a4 Bd7 10. Re1 Rc8 11. Bf1 Qb6 12. Rb1 Rfd8 13. Ne5 cxd4 14.
Nxc6 bxc6 15. exd4 c5 16. Be5 Ne8 17. Bd3 c4 18. Bf1 Bd6 19. Qh5 f6 20. Bxd6 Nxd6 21.
Ne2 Bxa4 22. c3 Bc2 23. Rbc1 Bg6 24. Qf3 Qxb2 25. Nf4 Be4 26. Qg4 Bf5 27. Qf3 Re8 28. g4 Be4 29. Qg3 e5 30. Nh5 Bg6 31. dxe5 Ne4 32. Qe3 Rxe5 33. f4 Re7 34. Re2 Qa3 35.
Bg2 Rce8 36. Qd4 Qxc1+ 37. Kh2 Qxc3 38. Qxd5+ Kh8 39. Qc6 Qd3 40. Re1 Qd2 41. Rb1 Qd6 42.
Qxc4 Bxh5 43. Qf1 Bg6 44. Rd1 Qc7 45. Kh1 Bf7 46. f5 Nc3 47. Rc1 Qe5 48. Qxa6 Ne2 49.
Re1 Ng3+ 50. Kh2 Qxe1 0-1

[Event "*** SCC Grand Prix: Titled Tuesday Blitz"]
[Site "Chess.com"]
[Date "2020.08.04"]
[Round "2"]
[White "RaphCamora"]
[Black "PawnEatingZombie"]
[Result "0-1"]
[WhiteElo "2423"]
[BlackElo "2244"]
[TimeControl "180+1"]
[EndTime "14:03:23 PDT"]
[Termination "PawnEatingZombie won by checkmate"]

1. e4 c6 2. d4 d5 3. e5 Bf5 4.
Nd2 e6 5. Nb3 Nd7 6. Nf3 Ne7 7.
a4 Bg6 8. a5 a6 9. Be2 Nf5 10.
O-O Be7 11. c4 O-O 12. c5 f6 13. exf6 Bxf6 14. Bf4 Re8 15. Ne5 Nxe5 16. Bxe5 Bxe5 17. dxe5 Rf8 18. Nd4 Nxd4 19. Qxd4 Qe7 20. Ra3 Rf7 21. Rb3 Raf8 22. g3 Bf5 23. f4 Be4 24. Bd3 Bxd3 25. Rxd3 g5 26. Rdf3 g4 27. Rb3 h5 28. Kg2 Rh7 29.
Rh1 Rff7 30. h3 gxh3+ 31. Rxh3 Rfg7 32. Kf3 Qf8 33. Qd3 Qxc5 34. Qc3 Qxc3+ 35. bxc3 Rc7 36. c4 Kf7 37. c5 Kg6 38. Rh4 Kf5 39. Rb1 Rh6 40.
Rbh1 Rch7 41. g4+ hxg4+ 42. Kg3 Rxh4 43. Rxh4 Rxh4 44. Kxh4 Kxf4 45. Kh5 Kxe5 46. Kg6 Kd4 47. Kf6 Kxc5 48. Kxe6 Kb5 49. Kd6 Kxa5 50. Kc5 g3 51. Kd4 g2 52. Kc3 g1=Q 53. Kb3 Qg4 54. Kc2 Qg3 55. Kb2 Kb4 56. Kc2 Qc3+ 57. Kd1 Qb2 58. Ke1 Kc3 59. Kf1 Kd3 60. Kg1 Ke3 61. Kf1 Qf2# 0-1

[Event "*** SCC Grand Prix: Titled Tuesday Blitz"]
[Site "Chess.com"]
[Date "2020.08.04"]
[Round "2"]
[White "Zubrrr"]
[Black "tptagain"]
[Result "1/2-1/2"]
[WhiteElo "2631"]
[BlackElo "2956"]
[TimeControl "180+1"]
[EndTime "14:03:27 PDT"]
[Termination "Game drawn - insufficient material"]

1. c4 e5 2. g3 g6 3. Nc3 Bg7 4. Bg2 f5 5. d3 Nf6 6. e3 O-O 7. Nge2 d6 8. O-O a5 9. a3 c6 10. f4 Be6 11. b3 Nbd7 12. h3 Qe7 13. Qd2 Nc5 14. Rb1 e4 15. dxe4 Nfxe4 16. Nxe4 Nxe4 17.
Bxe4 fxe4 18. Kh2 a4 19. Bb2 axb3 20. Bxg7 Qxg7 21. Rfc1 d5 22. Nd4 Qd7 23. Nxe6 Qxe6 24. cxd5 cxd5 25. Rxb3 d4 26. Rxb7 Rfc8 27. Qxd4 Qa2+ 28.
Rb2 Qxa3 29. Rxc8+ Rxc8 30. Rd2 Qe7 31. Kg2 Qe6 32.
Qa7 Qb3 33. Qa2 Qxa2 34. Rxa2 Rc3 35. Kf2 Rc4 36. Rd2 h5 37. g4 h4 38. Rd4 Rc2+ 39. Kf1 Rh2 40. Rxe4 Rxh3 41. Kg2 Rg3+ 42. Kh2 Rxg4 43.
Kh3 Rg1 44. Kxh4 Kf7 45. Re5 Kf6 46. Kh3 Kf7 47. Rg5 Rxg5 48. fxg5 Ke6 49. Kg4 Ke5 50.
Kf3 Kf5 51. e4+ Kxg5 52. Kg3 Kf6 53. Kf4 Ke6 54. Kg5 Ke5 55. Kxg6 Kxe4 1/2-1/2

[Event "*** SCC Grand Prix: Titled Tuesday Blitz"]
[Site "Chess.com"]
[Date "2020.08.04"]
[Round "2"]
[White "mishikomchedlishvili"]
[Black "Eternauta2400"]
[Result "1-0"]
[WhiteElo "2762"]
[BlackElo "2495"]
[TimeControl "180+1"]
[EndTime "14:03:27 PDT"]
[Termination "mishikomchedlishvili won by resignation"]

1. d4 Nf6 2. c4 e6 3. Nf3 d5 4. Nc3 Bb4 5. cxd5 exd5 6. Bf4 O-O 7. e3 Ne4 8. Rc1 c5 9. dxc5 Qa5 10. Bd3 Nd7 11. O-O Bxc3 12. bxc3 Ndxc5 13. Bb1 Be6 14. Nd4 Nf6 15. Nxe6 fxe6 16. c4 Rad8 17. cxd5 exd5 18. Be5 Ne6 19. Qc2 g6 20. Qb2 Ng4 21. Bg3 Qb6 22. Qxb6 axb6 23. Rfd1 Nf6 24. Bc2 Kf7 25.
Be5 Rc8 26. Bb3 Rxc1 27. Rxc1 Nc5 28. Bxf6 Nxb3 29. axb3 Kxf6 30. Rc7 Rf7 31. Rxf7+ Kxf7 32. Kf1 Ke6 33. Ke2 Kd6 34. Kd3 Kc5 35. Kc3 h5 36. h4 b5 37. b4+ Kc6 38. Kd4 Kd6 39. e4 dxe4 40. Kxe4 Ke6 41. f3 Kd6 42. g4 Ke6 43. g5 Kd6 44. f4 Ke6 45. f5+ gxf5+ 46. Kf4 b6 47. g6 Kf6 48. g7 Kxg7 49. Kxf5 Kf7 50.
Kg5 Kg7 51. Kxh5 Kh7 52. Kg5 Kg7 53. Kf5 Kh6 54. Ke6 Kh5 55. Kd6 Kxh4 56. Kc6 Kg5 57. Kxb5 Kf6 58. Kxb6 Ke7 59. Kc7 1-0

[Event "*** SCC Grand Prix: Titled Tuesday Blitz"]
[Site "Chess.com"]
[Date "2020.08.04"]
[Round "2"]
[White "Ole83"]
[Black "dopolian"]
[Result "1-0"]
[WhiteElo "2324"]
[BlackElo "2488"]
[TimeControl "180+1"]
[EndTime "14:03:29 PDT"]
[Termination "Ole83 won by resignation"]

1. Nf3 Nf6 2. c4 c5 3. Nc3 d5 4.
cxd5 Nxd5 5. e4 Nb4 6. Bc4 Nd3+ 7. Ke2 Nf4+ 8. Kf1 Be6 9. Bb5+ Bd7 10. d4 Bxb5+ 11.
Nxb5 Qb6 12. a4 Ng6 13. Be3 cxd4 14. Bxd4 Qd8 15. Bxa7 Nc6 16. Qxd8+ Kxd8 17. Bb6+ Kc8 18. Nc7 Rb8 19. Rc1 e6 20. g3 Bb4 21. Ke2 Kd7 22. Rhd1+ Ke7 23. Nb5 Ra8 24. b3 Rhc8 25. Rc4 Ba5 26. Bc5+ Kf6 27. Nd6 Rc7 28. g4 h6 29. e5+ Ncxe5 30. Nxe5 Nxe5 31. Bd4 Rxc4 32. Nxc4 Bc7 33. f4 Ke7 34. Bxe5 Bxe5 35. fxe5 Rc8 36. Rd6 Rc5 37. Rb6 Rc7 38. Kd3 f6 39. Ke4 fxe5 40.
Kxe5 Rc5+ 41. Ke4 Rg5 42. Ne5 Kf6 43. Nf3 Rxg4+ 44. Ke3 Rg2 45. Rxb7 Rb2 46. a5 g5 47.
a6 Ra2 48. a7 g4 49. Nd4 Ke5 50. Nc6+ Kd6 51. Rb8 Kxc6 52. a8=Q+ Rxa8 53. Rxa8 Kd5 54. Rh8 Ke5 55. Rxh6 Kf5 56. b4 1-0

[Event "*** SCC Grand Prix: Titled Tuesday Blitz"]
[Site "Chess.com"]
[Date "2020.08.04"]
[Round "2"]
[White "ErikRonka"]
[Black "StoreySniper"]
[Result "0-1"]
[WhiteElo "2249"]
[BlackElo "2452"]
[TimeControl "180+1"]
[EndTime "14:03:31 PDT"]
[Termination "StoreySniper won by resignation"]

1. e4 g6 2. d4 Bg7 3. c4 c5 4. d5 e5 5. Nc3 d6 6. Nge2 Nd7 7.
Ng3 h5 8. Be3 h4 9. Nge2 h3 10.
g3 Ngf6 11. f3 Bh6 12. Qd2 Bxe3 13. Qxe3 Nb6 14. Nc1 Bd7 15. Bd3 Qe7 16. a3 Na4 17. Nxa4 Bxa4 18. b4 b6 19. b5 a6 20. Rb1 axb5 21. cxb5 Nh7 22. O-O Qg5 23. Qe2 Nf8 24. Kh1 Nd7 25. Qe1 Kd8 26. Ne2 Qe3 27. Nc1 Qd4 28. Rf2 c4 29. Bf1 Qc5 30. Ne2 Qxa3 31. Nc3 Bb3 32. Rfb2 Qc5 33. Qd2 f6 34. Qc1 Ke7 35.
Qd2 Ra5 36. f4 Qd4 37. Qe1 Rha8 38. Re2 Rh8 39. Re3 Ra3 40. Rc1 Ba4 41. Re2 Rxc3 42. Rxc3 Bxb5 43. Rce3 Nc5 44. Rd2 Nd3 45. Bxd3 cxd3 46. Qc1 Kd7 47. Qd1 Rc8 48. Qe1 Rc2 49. Rd1 Qb2 50. Qg1 Rg2 51. Rc1 Rxg1+ 0-1

[Event "*** SCC Grand Prix: Titled Tuesday Blitz"]
[Site "Chess.com"]
[Date "2020.08.04"]
[Round "2"]
[White "aliba25"]
[Black "BilodeauA"]
[Result "0-1"]
[WhiteElo "2555"]
[BlackElo "2864"]
[TimeControl "180+1"]
[EndTime "14:03:32 PDT"]
[Termination "BilodeauA won by resignation"]

1. Nf3 d5 2. e3 c5 3. d4 Nc6 4.
c4 cxd4 5. cxd5 Qxd5 6. Nc3 Qh5 7. Nb5 Rb8 8. exd4 e6 9. Nc7+ Kd8 10. Bf4 Bb4+ 11.
Nd2 Qxd1+ 12. Rxd1 e5 13. dxe5 Kxc7 14. e6+ Bd6 15.
Bxd6+ Kxd6 16. exf7 Nh6 17. Bc4 Be6 18. Ne4+ Ke7 19.
Bxe6 Kxe6 20. Nc5+ Kxf7 21. Rd7+ Ne7 22. Nxb7 Ng4 23.
O-O Nf6 24. Rc7 Nd5 25. Rd7 Kg6 26. Re1 Rhc8 27. h4 Rc2 28. g4 h6 29. Re6+ Kf7 30. Re5 Rxb2 31. Nd6+ Kf6 32. Re4 R8b4 33. Rdxe7 Nxe7 34. g5+ hxg5 35. hxg5+ Kxg5 36. Rxe7 Rxa2 37. Rxg7+ Kf6 38.
Ne8+ Ke6 39. Rg6+ Kf5 40. Rg7 a5 41. Ra7 a4 42. Nd6+ Ke6 43. Nb7 a3 44. Nc5+ Kd5 45.
Nd3 Rb1+ 46. Kg2 Rb8 47. Kf3 Kc4 48. Ke3 Re8+ 49. Kf3 Kxd3 0-1

[Event "*** SCC Grand Prix: Titled Tuesday Blitz"]
[Site "Chess.com"]
[Date "2020.08.04"]
[Round "2"]
[White "Ural_bogatyr"]
[Black "BogdanDeac"]
[Result "1/2-1/2"]
[WhiteElo "2372"]
[BlackElo "2768"]
[TimeControl "180+1"]
[EndTime "14:03:32 PDT"]
[Termination "Game drawn by agreement"]

1. d4 d5 2. Bf4 Nf6 3. e3 c5 4.
Nc3 cxd4 5. exd4 a6 6. Nf3 Nc6 7. Ne5 e6 8. Nxc6 bxc6 9. Bd3 Qb6 10. O-O Qxd4 11. Qf3 Be7 12. Rfe1 O-O 13. h3 Qb6 14. Rab1 c5 15. Be5 Bb7 16. Qg3 Rac8 17. Qh4 h6 18. Bf4 c4 19. Be3 Qd8 20. Bf1 Ne4 21. Qf4 f5 22. Nxe4 fxe4 23. Qh2 Bd6 24. g3 Qf6 25. Rbd1 e5 26. Bc1 d4 27. b3 c3 28. Bc4+ Kh8 29.
h4 Rxc4 30. bxc4 Bc5 31. Bg5 Qf3 32. Rf1 hxg5 33. hxg5+ Kg8 34. g6 Rb8 35. Qh7+ Kf8 36. Qh8+ Ke7 37. Qxg7+ Ke6 38. Qh6 e3 39. g7+ Kf7 40.
fxe3 dxe3 41. Rxf3+ Bxf3 42. Kh2 Bxd1 43. Qh7 Rg8 44.
Qf5+ Kxg7 45. Qxe5+ Kg6 46. Qxc5 e2 47. Qd6+ Kf5 48.
Qd5+ Kf6 49. Qd6+ Kf7 50. Qd7+ Kg6 51. Qe6+ Kh7 52. Qf7+ Kh6 53. Qf6+ Rg6 54. Qh4+ Kg7 55. Qe7+ Kg8 56. Qe8+ Kh7 57. Qf7+ Rg7 58. Qh5+ Kg8 59. Qe8+ Kh7 60. Qh5+ Kg8 61. Qe8+ 1/2-1/2

[Event "*** SCC Grand Prix: Titled Tuesday Blitz"]
[Site "Chess.com"]
[Date "2020.08.04"]
[Round "2"]
[White "Makswolf200817"]
[Black "DishonorOnYourCow"]
[Result "1-0"]
[WhiteElo "2473"]
[BlackElo "2287"]
[TimeControl "180+1"]
[EndTime "14:03:32 PDT"]
[Termination "Makswolf200817 won on time"]

1. d4 Nf6 2. c4 g6 3. Nf3 Bg7 4. g3 d5 5. cxd5 Nxd5 6. Bg2 Nb6 7. Nc3 Nc6 8. d5 Bxc3+ 9. bxc3 Qxd5 10. Qc2 Bf5 11.
Qb2 O-O 12. Bh6 Nc4 13. Qxb7 Rfb8 14. Qxc7 Rc8 15. Qf4 Qe4 16. O-O Qxf4 17. Bxf4 e5 18. Bg5 Kg7 19. Nh4 Bg4 20. f3 Be6 21. Rab1 h6 22.
Bc1 g5 23. f4 gxh4 24. f5 Bd7 25. Rb7 Nb6 26. f6+ Kg8 27. gxh4 Rab8 28. Bxc6 Bxc6 29. Rxa7 Bd7 30. Kf2 Rxc3 31. Rg1+ Kh7 32. Rg7+ Kh8 33. Bxh6 Be6 34. h5 Rcc8 35. Rg3 Ra8 36. Rb7 Rxa2 37. Rxb6 Bc4 38. Re3 Kh7 39. Bg5 Rd8 40. Rxe5 Rg8 41. h4 Be6 42. Rbxe6 fxe6 43. Rxe6 Ra7 44. Re7+ Rxe7 45.
fxe7 Re8 46. Kf3 Kg7 47. Kf4 Kf7 48. Kf5 Rb8 49. h6 Rb5+ 50. Kf4 Rb4+ 51. e4 Rb1 52. h7 Rb8 53. e5 Kg6 54. h5+ Kxh7 55. Kf5 1-0

[Event "*** SCC Grand Prix: Titled Tuesday Blitz"]
[Site "Chess.com"]
[Date "2020.08.04"]
[Round "2"]
[White "Resignify"]
[Black "chenxiaoyuer"]
[Result "0-1"]
[WhiteElo "2206"]
[BlackElo "2434"]
[TimeControl "180+1"]
[EndTime "14:03:32 PDT"]
[Termination "chenxiaoyuer won on time"]

1. e4 c5 2. Nc3 d6 3. g3 g6 4. d3 Bg7 5. Bg2 Nc6 6. f4 e6 7.
Nf3 Nge7 8. O-O O-O 9. Be3 Rb8 10. Rb1 b5 11. a3 a5 12. Ne2 b4 13. axb4 axb4 14. e5 Nd5 15. Bf2 Ba6 16. exd6 Qxd6 17. Ng5 Nd4 18. Ne4 Qc7 19. Re1 h6 20. Nd2 b3 21. Nxd4 Bxd4 22. Nxb3 Bxf2+ 23. Kxf2 c4 24. Nd2 cxd3 25. cxd3 Qb6+ 26. Kf3 Bxd3 27. Rc1 Qxb2 28.
Nc4 Bxc4 29. Rxc4 Rb3+ 30. Kg4 Rc3 31. Rxc3 Nxc3 32. Qf3 Nd5 33. Kh3 Nf6 34. Re2 Qd4 35.
g4 Kg7 36. Kg3 h5 37. h3 hxg4 38. hxg4 Rh8 39. Qe3 Qd1 40. Re1 Qd6 41. Qe5 Qxe5 42. Rxe5 Nd7 43. Re3 Nf6 44. Re1 Rd8 45. Re3 Rd2 46.
Rf3 Ne4+ 47. Kh2 f5 48. gxf5 gxf5 49. Re3 Kf6 50. Kg1 Nf2 51. Kf1 Ng4 52. Rg3 Rf2+ 0-1

[Event "*** SCC Grand Prix: Titled Tuesday Blitz"]
[Site "Chess.com"]
[Date "2020.08.04"]
[Round "2"]
[White "bazar-wokzal"]
[Black "davigator"]
[Result "1-0"]
[WhiteElo "2477"]
[BlackElo "2294"]
[TimeControl "180+1"]
[EndTime "14:03:33 PDT"]
[Termination "bazar-wokzal won by checkmate"]

1. e4 c5 2. c3 Nf6 3. e5 Nd5 4. d4 cxd4 5. cxd4 d6 6. Bc4 e6 7.
Nf3 Nc6 8. O-O Nb6 9. Bb3 d5 10. Nc3 Be7 11. a3 Bd7 12. Qe2 a6 13. Bf4 Rc8 14.
Rac1 Na5 15. Ba2 Nbc4 16. g3 b5 17. h4 h6 18. h5 b4 19. axb4 Bxb4 20. Ne1 Qb6 21. Nd3 Bf8 22. b4 Nc6 23. Be3 Nxb4 24. Bxc4 Rxc4 25. Nb2 Rc7 26. Nca4 Qa5 27. Rxc7 Qxc7 28.
Rc1 Qa5 29. Nc5 Bb5 30. Qg4 Qb6 31.
Nba4 Qa5 32. Nxe6 Bxa4 33. Nxg7+ Bxg7 34. Qxg7 Nc2 35. Qxh8+ Kd7 36. Qxh6 Qb4 37. Qxa6 Bb5 38. Qb7+ Ke6 39. Qc8+ Ke7 40. Bg5+ f6 41. Bxf6+ Kf7 42. Qc7+ Ke6 43. Qxc2 Bc4 44. h6 Qb7 45. h7 Bb3 46. Qc8+ Qxc8 47. Rxc8 Bc2 48. h8=Q Bg6 49. Rc6+ Kf5 50.
Qh4 Bh5 51. Qf4+ Kg6 52. Bh4+ Kg7 53. Qf6+ Kh7 54. Rc7+ Bf7 55. Qxf7+ Kh8 56. Rc8# 1-0

[Event "*** SCC Grand Prix: Titled Tuesday Blitz"]
[Site "Chess.com"]
[Date "2020.08.04"]
[Round "2"]
[White "albano87"]
[Black "AJSC02"]
[Result "1-0"]
[WhiteElo "2468"]
[BlackElo "2266"]
[TimeControl "180+1"]
[EndTime "14:03:33 PDT"]
[Termination "albano87 won on time"]

1. e4 c5 2. Nf3 Nc6 3. d4 cxd4 4.
Nxd4 Nf6 5. Nc3 e5 6. Ndb5 d6 7.
Bg5 a6 8. Na3 b5 9. Bxf6 gxf6 10.
Nd5 Bg7 11. c3 f5 12. Bd3 f4 13. g3 O-O 14. gxf4 Qh4 15. Qf3 f5 16. Rg1 fxe4 17. Bxe4 exf4 18. O-O-O Ne5 19. Qg2 Ra7 20. Nc2 Kh8 21.
Nd4 f3 22. Bxf3 Bh6+ 23. Kb1 Nxf3 24. Nxf3 Qe4+ 25. Ka1 Qxf3 26. Qxf3 Rxf3 27. Nb6 Bf5 28. Rxd6 Bg6 29. h4 Rxf2 30. h5 Bf4 31. Rd8+ Kg7 32. hxg6 hxg6 33. Nd5 Bg5 34. Rd6 Raf7 35. a3 Rf1+ 36. Rxf1 Rxf1+ 37. Ka2 Bc1 38. Nb4 Rf2 39. Nd3 Rd2 40. Kb1 Bxb2 41. Rd7+ Kh6 42. Rc7 Bxa3 43.
Ne5 Rd1+ 44. Kc2 Rc1+ 45. Kb3 Bd6 46. Nf7+ Kh5 47. Nxd6 1-0

[Event "*** SCC Grand Prix: Titled Tuesday Blitz"]
[Site "Chess.com"]
[Date "2020.08.04"]
[Round "2"]
[White "Bigfish1995"]
[Black "12teen"]
[Result "0-1"]
[WhiteElo "2979"]
[BlackElo "2666"]
[TimeControl "180+1"]
[EndTime "14:03:36 PDT"]
[Termination "12teen won by checkmate"]

1. d4 b6 2. h4 Bb7 3. h5 h6 4. c4 Nf6 5. Nc3 e6 6. a3 d5 7. Bf4 dxc4 8. e3 a6 9. Bxc4 Bxg2 10.
Rh2 Bb7 11. Nf3 Nbd7 12. Ne5 Nxe5 13. Bxe5 Nd7 14. Bg3 Bd6 15. f4 b5 16. Bd3 c5 17. Be4 Qc7 18. Qf3 Rb8 19. Bxb7 Qxb7 20.
d5 exd5 21. Nxd5 Nb6 22. O-O-O Nxd5 23. Rxd5 O-O 24. e4 Rfd8 25. Rhd2 Be7 26. Bf2 c4 27. Qg4 c3 28. bxc3 Bxa3+ 29. Kd1 Rxd5 30. Rxd5 Re8 31. Bd4 Bf8 32. Qf5 Qc6 33. Rd7 Qc4 34. Kd2 b4 35.
Qd5 bxc3+ 36. Bxc3 Rxe4 37. Qxc4 Rxc4 38. f5 Bb4 39.
Bxb4 Rxb4 40. Rd8+ Kh7 41. f6 gxf6 42. Ra8 Rb5 43. Rxa6 Kg7 44. Ke3 Rxh5 45. Kf4 Rg5 46. Ra1 h5 47. Rh1 Kg6 48. Kf3 Rg4 49. Ra1 f5 50. Ra8 f6 51. Ra7 h4 52. Ra8 Rg3+ 53. Kf4 Rg4+ 54. Kf3 Kg7 55. Ra5 Rg5 56. Ra4 Rh5 57. Kg2 h3+ 58. Kh2 Kg6 59. Ra8 Kg5 60.
Rg8+ Kf4 61. Rg6 Ke3 62. Rxf6 f4 63. Re6+ Kf3 64. Ra6 Re5 65. Kxh3 Rh5# 0-1

[Event "*** SCC Grand Prix: Titled Tuesday Blitz"]
[Site "Chess.com"]
[Date "2020.08.04"]
[Round "2"]
[White "ElGasanov"]
[Black "ChainsOfFantasia"]
[Result "1-0"]
[WhiteElo "2758"]
[BlackElo "2480"]
[TimeControl "180+1"]
[EndTime "14:03:44 PDT"]
[Termination "ElGasanov won on time"]

1. d4 Nf6 2. Nf3 d5 3. c4 e6 4.
e3 Be7 5. Nc3 O-O 6. a3 Nbd7 7. b4 c6 8. Qc2 b6 9. c5 a5 10. Bb2 axb4 11. axb4 Rxa1+ 12. Bxa1 bxc5 13. bxc5 Qa5 14. Qa4 Qc7 15. Be2 Bb7 16. O-O Ra8 17. Qb3 Ba6 18. Bxa6 Rxa6 19. Bb2 h6 20. h3 Bd8 21.
Rb1 Ra8 22. Bc1 Rb8 23. Qc2 Rxb1 24. Qxb1 Qa7 25. Bd2 Bc7 26. e4 dxe4 27. Nxe4 Nxe4 28. Qxe4 Qb7 29. g3 Nf6 30. Qd3 Qb5 31. Qxb5 cxb5 32. Kf1 Kf8 33. Ke2 Ke7 34. Kd3 Kd7 35. g4 Nd5 36. h4 f6 37. h5 Bf4 38. Be1 Kc6 39. Nh4 Bc7 40. Bd2 Bf4 41. Be1 Bc7 42. Ng6 Nf4+ 43. Ke4 Nxg6 44. hxg6 Bd8 45. Bd2 f5+ 46.
gxf5 exf5+ 47. Kxf5 Bf6 48. Ke4 h5 49. Bb4 h4 50.
d5+ Kd7 51. c6+ Kc7 52. Ba5+ Kd6 53. Bd2 Kc7 54. Bf4+ Kb6 55. Be3+ Kc7 56. Bf4+ Kb6 57. Kf5 b4 58. Ke6 b3 59. c7 1-0

[Event "*** SCC Grand Prix: Titled Tuesday Blitz"]
[Site "Chess.com"]
[Date "2020.08.04"]
[Round "2"]
[White "IMHansNiemann"]
[Black "Goryachkina"]
[Result "1-0"]
[WhiteElo "2889"]
[BlackElo "2584"]
[TimeControl "180+1"]
[EndTime "14:03:46 PDT"]
[Termination "IMHansNiemann won by resignation"]

1. d4 d5 2. Nc3 Bf5 3. Bf4 c6 4. f3 e6 5. e4 Bg6 6. a3 Nf6 7. e5 Nfd7 8. Bd3 c5 9. Nge2 Nc6 10. Nb5 c4 11. Bxg6 hxg6 12. O-O a6 13. Nd6+ Bxd6 14.
exd6 g5 15. Bg3 f5 16. b3 cxb3 17. cxb3 f4 18. Bf2 Nf6 19. Qd3 Kf7 20. h4 Nh5 21. Qd2 Qf6 22. hxg5 Qxg5 23. g4 Rh6 24. Kg2 Rah8 25.
Rh1 Ke8 26. Bh4 Qg6 27. Kf2 Nf6 28. Nxf4 Nxg4+ 29. Kg3 Qh7 30. fxg4 Rxh4 31. Nh5 Rxg4+ 32. Kxg4 Qf5+ 33. Kg3 Rxh5 34. Rxh5 Qxh5 35. Qf4 Qe2 36. Rf1 Kd7 37. Rf2 Qd3+ 38. Kg2 Qxd4 39. Qf7+ Kxd6 40.
Qf8+ Kc7 41. Qf7+ Kb6 42. Qxe6 Qe4+ 43. Qxe4 dxe4 44. Re2 Kc5 45. Rxe4 Nd4 46. Re3 b5 47. Rc3+ Kd5 48. Kf2 a5 49. b4 axb4 50. axb4 Ne6 51. Ke3 g5 52. Rc8 g4 53. Rg8 Ke5 54. Rxg4 Nc7 55.
Rg5+ Kd6 56. Ke4 Kc6 57. Rg6+ Kd7 58. Ke5 Ne8 59. Rb6 Nc7 60. Rd6+ Ke7 61. Rc6 Kd7 62. Rc5 Na6 63. Rd5+ Kc6 64. Rd4 Kb6 65. Kd6 Nb8 66. Kd5 Na6 67. Re4 Nc7+ 68. Kd6 Na6 69. Kd7 Nb8+ 70.
Kc8 Nc6 71. Re6 Ka7 72. Rxc6 1-0

[Event "*** SCC Grand Prix: Titled Tuesday Blitz"]
[Site "Chess.com"]
[Date "2020.08.04"]
[Round "2"]
[White "SamuelGhimpu2003"]
[Black "Guenplen"]
[Result "1/2-1/2"]
[WhiteElo "2560"]
[BlackElo "2851"]
[TimeControl "180+1"]
[EndTime "14:03:46 PDT"]
[Termination "Game drawn by repetition"]

1. d4 d5 2. Nf3 e6 3. g3 Nf6 4. Bg2 Be7 5. O-O O-O 6. c4 Nbd7 7. Nc3 dxc4 8. e4 b5 9. e5 Nd5 10. Nxb5 N7b6 11. Re1 Bb7 12. h4 Qd7 13. Nc3 Nxc3 14. bxc3 Bd5 15. Bg5 Rab8 16. Bxe7 Qxe7 17. Qc2 h6 18.
Nd2 c6 19. Reb1 Qa3 20. Rb4 a5 21. Nb1 axb4 22. Nxa3 bxa3 23. Rb1 Bxg2 24. Kxg2 Nd5 25. Rxb8 Rxb8 26. Qa4 Nxc3 27. Qxc4 Nd5 28. Qxc6 g6 29.
Qa4 Rb4 30. Qxa3 Rxd4 31. Qa8+ Kg7 32. Qc6 Rd2 33. a4 Ra2 34. Qb5 Ne3+ 35. Kf3 Nd1 36. a5 Rxf2+ 37. Kg4 Ne3+ 38. Kh3 Ra2 39. Qb3 Rxa5 40.
Qxe3 h5 41. Qf4 Rd5 42. Qf6+ Kg8 43. Kg2 Rd4 44. Kf3 Rg4 45. Qd8+ Kg7 46. Qf6+ Kg8 47.
Kf2 Rd4 48. Ke3 Rg4 49. Qf3 Kg7 50. Kf2 Kg8 51. Ke3 Kg7 52. Qf6+ Kg8 53. Kf3 Rd4 54. Qg5 Kg7 55. Qf6+ Kg8 56. Ke3 Rg4 1/2-1/2

[Event "*** SCC Grand Prix: Titled Tuesday Blitz"]
[Site "Chess.com"]
[Date "2020.08.04"]
[Round "2"]
[White "AldokhinIvan"]
[Black "Hrant_ChessMood"]
[Result "0-1"]
[WhiteElo "2551"]
[BlackElo "2855"]
[TimeControl "180+1"]
[EndTime "14:03:46 PDT"]
[Termination "Hrant_ChessMood won by resignation"]

1. e4 c5 2. Nf3 Nc6 3. d4 cxd4 4. Nxd4 e5 5. Nxc6 bxc6 6. Bd3 Nf6 7. O-O Bc5 8. c4 d6 9. Nd2 Bg4 10. Qc2 Nd7 11.
Nb3 Bb6 12. Bd2 O-O 13. Bb4 c5 14. Bc3 Nb8 15. f4 Nc6 16. f5 f6 17. Qf2 Bh5 18.
Kh1 Nd4 19. Nxd4 cxd4 20. Bd2 a5 21. g4 Bf7 22. Rg1 Rc8 23. b3 g5 24. h4 h6 25. Kg2 Kg7 26. Kf3 Rh8 27. Rh1 Qc7 28. Rh3 Bc5 29. Rah1 Bb4 30. Bc1 Qb8 31. Qh2 Rcg8 32.
hxg5 hxg5 33. Rh7+ Rxh7 34. Qxh7+ Kf8 35. Qh2 Ke7 36. Qc2 Rh8 37. Qg2 a4 38. a3 Bc3 39.
b4 Qc8 40. Rxh8 Qxh8 41. b5 Qh4 42. Qf2 Qh3+ 43. Qg3 Qh1+ 44. Qg2 Qxc1 45. Qe2 Qf4+ 46.
Kg2 Ba5 47. b6 Bxb6 48. Qb2 Qxg4+ 49. Kf2 Qf4+ 50. Kg2 Bc5 51. Qb8 Qg4+ 52. Kf2 Qf4+ 53. Kg2 Qd2+ 54. Kf3 Qxd3+ 55. Kg2 Qxe4+ 56. Kf1 Qxf5+ 57. Ke1 Qd7 0-1

[Event "*** SCC Grand Prix: Titled Tuesday Blitz"]
[Site "Chess.com"]
[Date "2020.08.04"]
[Round "2"]
[White "Sekar24"]
[Black "The_Machine04"]
[Result "1-0"]
[WhiteElo "2458"]
[BlackElo "2253"]
[TimeControl "180+1"]
[EndTime "14:03:48 PDT"]
[Termination "Sekar24 won on time"]

1. e4 d6 2. d4 Nf6 3. Nc3 e5 4.
Nf3 Nbd7 5. Bc4 Be7 6. O-O O-O 7. h3 c6 8. a4 b6 9. Qe2 a6 10. Ba2 Rb8 11. Rd1 Qc7 12. Nh4 exd4 13. Rxd4 Nc5 14. Rd1 Rd8 15. Qf3 Be6 16. Nf5 Bf8 17. Bg5 Ncd7 18.
Bxe6 fxe6 19. Nh6+ gxh6 20. Bxf6 Nxf6 21. Qxf6 Qf7 22.
Qh4 Qe7 23. Qh5 Qf7 24. Qg4+ Qg6 25. Qe2 d5 26. Qxa6 Bc5 27. Qe2 Kh8 28. Kh1 Rg8 29.
f4 Rbf8 30. Rf1 Qg3 31. Rf3 Qg7 32. exd5 exd5 33. Qe6 Qf6 34. Qxf6+ Rxf6 35. Re1 Rgf8 36.
g3 h5 37. h4 Rg8 38. Re5 Rfg6 39. Kg2 Bd6 40. Rxh5 Re8 41. Rf2 Re3 42. Rg5 Rge6 43.
f5 Rf6 44. Re2 Rxe2+ 45. Nxe2 h6 46. Rg6 Rxg6 47. fxg6 Kg7 48. h5 Kf6 49. Nf4 Be5 50. c3 d4 51. cxd4 Bxd4 52. b3 c5 53. Kf3 Be5 54. Ke4 Bd4 55. Nd5+ Kg5 56. Nxb6 Kxh5 57. a5 Kxg6 58. a6 c4 59. a7 Bxb6 60. a8=Q cxb3 61. Qc6+ 1-0

[Event "*** SCC Grand Prix: Titled Tuesday Blitz"]
[Site "Chess.com"]
[Date "2020.08.04"]
[Round "2"]
[White "Baronessa08"]
[Black "Evgeny81"]
[Result "0-1"]
[WhiteElo "2377"]
[BlackElo "2736"]
[TimeControl "180+1"]
[EndTime "14:03:51 PDT"]
[Termination "Evgeny81 won on time"]

1. c4 e5 2. g3 Nf6 3. Bg2 c6 4. d4 Bb4+ 5. Bd2 Bxd2+ 6. Qxd2 d6 7. Nc3 Be6 8. dxe5 dxe5 9. Qxd8+ Kxd8 10. O-O-O+ Ke7 11. b3 a5 12. Nf3 Nfd7 13. Ng5 Bf5 14. Nge4 Bxe4 15. Nxe4 Na6 16. f4 a4 17. Rhf1 axb3 18. axb3 Nac5 19. Nxc5 Nxc5 20. Kb2 exf4 21. gxf4 Rhd8 22.
b4 Ne6 23. e3 f5 24. Kb3 Kf6 25. Bf3 g6 26. h4 h6 27. Bg2 Ke7 28. Bh1 Kf7 29.
Bg2 Kf6 30. Bh1 Rac8 31. Bg2 Rc7 32. Rxd8 Nxd8 33. Rd1 Nf7 34. b5 cxb5 35. cxb5 b6 36. Bc6 Re7 37. Rd3 g5 38. hxg5+ hxg5 39. fxg5+ Kxg5 40. Kc2 Ne5 41. Rc3 Ng4 42. Kd2 Ne5 43. Ke2 Ra7 44. Rc2 Kg4 45. Rd2 Ra3 46. Rb2 Rc3 47. Ra2 Kg3 48. Ra6 Ng4 49. Rxb6 Rxe3+ 50. Kd2 Rb3 51. Rb8 Ne5 52. Rg8+ Kf4 53. Be8 Nc4+ 54. Kc2 Re3 55. Bf7 Na3+ 56. Kb2 Nxb5 57. Bg6 Nd4 0-1

[Event "*** SCC Grand Prix: Titled Tuesday Blitz"]
[Site "Chess.com"]
[Date "2020.08.04"]
[Round "2"]
[White "maxip32"]
[Black "ahachess"]
[Result "1/2-1/2"]
[WhiteElo "2458"]
[BlackElo "2263"]
[TimeControl "180+1"]
[EndTime "14:03:51 PDT"]
[Termination "Game drawn by repetition"]

1. e4 c6 2. d4 d5 3. e5 c5 4.
dxc5 e6 5. a3 Bxc5 6. b4 Bb6 7.
Nf3 a5 8. Bb2 Ne7 9. Bd3 Nd7 10.
O-O Ng6 11. g3 Qe7 12. b5 O-O 13. Nbd2 Nc5 14. a4 Bd7 15. Qe2 Rac8 16. Ba3 f6 17. Rae1 f5 18. c4 Rfe8 19. cxd5 exd5 20. Nb3 Nf8 21.
Nbd4 g6 22. h4 Nfe6 23. Nxe6 Bxe6 24. Bxc5 Bxc5 25. Ng5 b6 26. Rc1 Kg7 27. Rfe1 Rcd8 28. Kh2 Bb4 29. Red1 Rc8 30. f4 Bc5 31. Nf3 d4 32.
Bc4 Red8 33. Bxe6 Qxe6 34. Rd3 Rd7 35. Ng5 Qd5 36. e6 Re7 37. Re1 Rce8 38. Qe5+ Qxe5 39. Rxe5 h6 40. Nf3 Rxe6 41. Kg2 Rxe5 42. Nxe5 Rd8 43. Kf3 Kf6 44. Nc6 Rd6 45. Ne5 Re6 46.
g4 g5 47. hxg5+ hxg5 48. Nc4 gxf4 49. Kxf4 Re4+ 50. Kf3 Rxg4 51. Rd1 Rh4 52. Kg3 Rg4+ 53. Kf3 Rh4 54. Kg3 Rg4+ 55. Kf3 1/2-1/2